 Dungeon Crawl Stone Soup version 0.29.1-14-g9c671dbff4 (webtiles) character file.

Game seed: 1617077666299480759

71 Wobber the Changer (level 4, -7/28 HPs)
             Began as an Octopode Transmuter on Feb 14, 2023.
             Mangled by Terence
             ... wielding a +2 short sword of electrocution
              (18 damage)
             ... on level 2 of the Dungeon.
             The game lasted 00:05:16 (1528 turns).

Wobber the Changer (Octopode Transmuter)            Turns: 1528, Time: 00:05:18

Health: -7/28      AC:  1    Str:  9    XL:     4   Next: 24%
Magic:  6/7        EV: 13    Int: 17    God:
Gold:   80         SH:  0    Dex: 12    Spells: 2/7 levels left

rFire   . . .      SeeInvis .     - Unarmed
rCold   . . .      Faith    .   (no shield)
rNeg    . . .      Spirit   .   (helmet currently unavailable)
rPois   .          Reflect  .   (no amulet)
rElec   .          Harm     .   (no ring)
rCorr   .          Rampage  .   (no ring)
Will    .....                   (no ring)
Stlth   ++........              (no ring)
HPRegen 0.09/turn               (no ring)
MPRegen 0.10/turn               (no ring)
                                (no ring)
                                (no ring)

@: appendages
A: tentacle spike 3, almost no armour, amphibious, 8 rings, camouflage 1,
gelatinous body 1, (nimble swimmer 1), tentacles
a: End Transformation


You were on level 2 of the Dungeon.
One of your tentacles had grown a beastly spike.
You visited 1 branch of the dungeon, and saw 2 of its levels.

You collected 80 gold pieces.

Inventory:

Hand Weapons
 a - a +0 sling
Missiles
 b - 18 stones
Potions
 c - 2 potions of attraction {unknown}
 d - a potion of mutation
 e - a potion of might {unknown}
 f - a potion of lignification


   Skills:
 - Level 1.0 Fighting
 - Level 2.0 Dodging
 - Level 3.0 Unarmed Combat
 + Level 2.1 Spellcasting
 + Level 3.6 Transmutations
 + Level 2.3 Poison Magic


You had 2 spell levels left.
You knew the following spells:

 Your Spells              Type           Power      Damage    Failure   Level
a - Beastly Appendage     Tmut           28%        N/A       4%          1
b - Sting                 Tmut/Pois      48%        1d5       5%          1
c - Spider Form           Tmut/Pois      12%        N/A       17%         3

Your spell library contained the following spells:

 Spells                   Type           Power      Damage    Failure   Level
 Wereblood                Tmut           14%        N/A       6%          2
 Poisonous Vapours        Pois/Air       10%        N/A       19%         2
 Olgreb's Toxic Radiance  Pois           9%         N/A       58%         4
 Ice Form                 Ice/Tmut       8%         N/A       65%         4


Dungeon Overview and Level Annotations

Branches:
Dungeon (2/15)

Altars:

Annotations:
D:2 Terence


Innate Abilities, Weirdness & Mutations

One of your tentacles has grown a beastly spike.
You cannot wear most types of armour.
You are amphibious.
You can wear up to eight rings at the same time.
Your skin changes colour to match your surroundings (Stealth+).
Your rubbery body absorbs attacks. (AC +1, EV +1)
((You are camouflaged when in or above water. (Stealth+)))
You have tentacles for arms and can constrict up to eight enemies at once.


Message History

Your transformation is almost over.
Your magical contamination has completely faded away.
You start resting.
Your tentacle spike disappears.
Magic restored.
Terence is nearby!
You shoot a sling bullet.
The sling bullet hits Terence but does no damage.
You shoot a sling bullet.
The sling bullet closely misses Terence.
You shoot a sling bullet. The sling bullet barely misses Terence.
You are now empty-tentacled.
One of your tentacles grows a vicious spike.
You tentacle-slap Terence but do no damage.
Your grab misses Terence. Terence closely misses you.
You tentacle-slap Terence but do no damage.
Your grab misses Terence.
You pierce Terence.
Terence is moderately wounded.
Terence hits you with a +2 short sword of electrocution.
You tentacle-slap Terence but do no damage.
Your grab misses Terence.
Your tentacle spike misses Terence.
Terence is moderately wounded.
Terence hits you with a +2 short sword of electrocution.
You closely miss Terence. You grab Terence.
Terence is moderately wounded.
You constrict Terence, but do no damage.
Terence barely misses you.
You tentacle-slap Terence but do no damage.
You pierce Terence.
You squeeze Terence, but do no damage.
Terence is moderately wounded.
You constrict Terence, but do no damage.
Terence hits you with a +2 short sword of electrocution.
You tentacle-slap Terence but do no damage.
You pierce Terence, but do no damage.
Terence is moderately wounded.
You constrict Terence, but do no damage.
Terence hits you with a +2 short sword of electrocution.
You are electrocuted!!
Ouch! That really hurt!
You die...

...... #.......#... #.....
#.......#... ##.....
###.......#...
.......#####......#.†).##
#............###..#..### ..
#.............#...)...##
..###....†.#.........#......
#...######.#...............#
#.#......#†@.........††.....
#..........@....÷....††.....
#...................†##....
..###.......)##...#.##...#.##.
..:..........#................
..##........#.##............#
#..........#.............#
..##.........#..##..........#
.................##...........


You could see Terence.

Vanquished Creatures
  2 adders (D:2)
  A worm (D:2)
  A dart slug (D:2)
  7 endoplasms
  A giant cockroach (D:1)
  A goblin (D:2)
  4 hobgoblins (D:1)
  3 jackals (D:2)
  2 quokkas
  5 ball pythons
  3 bats
  4 frilled lizards (D:1)
  8 kobolds
  3 rats
45 creatures vanquished.

Notes
Turn   | Place    | Note
-------+----------+-------------------------------------------
     0 | D:1      | Wobber the Octopode Transmuter began the quest for the Orb.
     0 | D:1      | Reached XP level 1. HP: 13/13 MP: 3/3
   123 | D:1      | Reached XP level 2. HP: 18/18 MP: 3/5
   225 | D:1      | Found a faded altar of an unknown god.
   266 | D:1      | Learned a level 1 spell: Sting
   676 | D:1      | Reached skill level 1 in Poison Magic
   735 | D:1      | Reached XP level 3. HP: 23/23 MP: 2/6
   776 | D:1      | Learned a level 3 spell: Spider Form
  1313 | D:2      | Noticed Terence
  1359 | D:2      | Reached XP level 4. HP: 12/28 MP: 5/7
  1528 | D:2      | Mangled by Terence

Illustrated notes

Levels and vault maps discovered:
D:1:      dpeg_arrival_signposts, layout_loops_ring, basic_ecumenical_altar
D:2:      layout_rooms, minivault_14, uniq_terence

Skill      XL: |  1  2  3 |
---------------+----------+-----
Transmutations | 3 |  3.6
Poison Magic   | 1 2 |  2.3
Fighting       | |  1.0
Dodging        | |  2.0
Unarmed Combat | |  3.0
Spellcasting   | |  2.1

Action                   |  1- 3 |  4- 6 || total
-------------------------+-------+-------++-------
Melee: Unarmed           |    70 |     8 ||    78
       Constrict         |    16 |     2 ||    18
       Kick              |     9 |     5 ||    14
       Tentacles         |    10 |     2 ||    12
       Punch             |     1 |       ||     1
 Fire: Sling             |    12 |    11 ||    23
 Cast: Beastly Appendage |    20 |     2 ||    22
       Sting             |    15 |       ||    15
  Use: Scroll            |     2 |       ||     2
 Stab: Sleeping          |     5 |       ||     5
Armor: Skin              |    10 |       ||    10
Dodge: Dodged            |    49 |     3 ||    52
